 Dungeon Crawl Stone Soup version 0.29-a0-340-g6efceafd81 (webtiles) character file.

Game seed: 2241682470812348196

669 spaghetti the Ducker (level 7, 0/50 HPs)
             Began as an Octopode Fighter on Apr 20, 2022.
             Succumbed to a scorpion's poison
             ... on level 4 of the Dungeon.
             The game lasted 00:08:50 (5001 turns).

spaghetti the Ducker (Octopode Fighter)             Turns: 5001, Time: 00:08:50

Health: 0/50       AC:  1    Str: 18    XL:     7   Next: 58%
Magic:  4/10       EV: 14    Int: 24    God:
Gold:   219        SH:  4    Dex: 11    Spells: 3/10 levels left

rFire   . . .      SeeInvis .   l - +2 whip (elec) {mace}
rCold   . . .      Faith    .   b - +0 buckler
rNeg    . . .      Spirit   .   (helmet restricted)
rPois   .          Reflect  .   (no amulet)
rElec   .          Harm     .   m - +6 ring of intelligence
rCorr   .          Rampage  .   o - +6 ring of intelligence
Will    .....                   (no ring)
Stlth   ++........              (no ring)
HPRegen 0.16/turn               (no ring)
MPRegen 0.12/turn               (no ring)
                                (no ring)
                                (no ring)

@: lethally poisoned (0 -> -1)
A: almost no armour, amphibious, 8 rings, camouflage 1, gelatinous body 1,
(nimble swimmer 1), tentacles, strong 1, subdued magic 1
a: no special abilities


You were on level 4 of the Dungeon.
You visited 1 branch of the dungeon, and saw 5 of its levels.

You collected 219 gold pieces.


Innate Abilities, Weirdness & Mutations

You cannot wear most types of armour.
You are amphibious.
You can wear up to eight rings at the same time.
Your skin changes colour to match your surroundings (Stealth+).
Your rubbery body absorbs attacks. (AC +1, EV +1)
((You are camouflaged when in or above water. (Stealth+)))
You have tentacles for arms and can constrict up to eight enemies at once.
Your muscles are strong. (Str +2)
Your spells are a little easier to cast, but a little less powerful.


   Skills:
 * Level 5.1 Fighting
 - Level 2.0 Polearms
 * Level 5.2 Dodging
 - Level 3.0 Shields
 + Level 2.0 Spellcasting
 + Level 2.2 Conjurations
 + Level 2.2 Ice Magic
 + Level 2.4 Air Magic


You had 3 spell levels left.
You knew the following spells:

 Your Spells              Type           Power      Damage    Failure   Level
a - Poisonous Vapours     Pois/Air       12%        N/A       12%         2
b - Freezing Cloud        Conj/Ice/Air   5%         6-21      83%         5

Your spell library contained the following spells:

 Spells                   Type           Power      Damage    Failure   Level
 Corpse Rot               Necr/Air       12%        N/A       12%         2
 Simulacrum               Ice/Necr       3%         N/A       100%        6
 Polar Vortex             Ice            5%         N/A       100%        9

Inventory:

Hand Weapons
 a - a +0 trident {polearm}
 d - a +3 short sword {short}
   (You took it off a kobold on level 1 of the Dungeon)
 k - the +7 quarterstaff "Gastol" {protect, Dex+4, staff}
   (You found it on level 4 of the Dungeon)

   It grants its wielder temporary protection when it strikes (+7 to AC).
   Dex:       It affects your dexterity (+4).
 l - a +2 whip of electrocution (weapon) {mace}
   (You took it off a gnoll on level 3 of the Dungeon)
Missiles
 e - 100 stones (quivered) {throwing}
 v - 5 boomerangs {throwing}
 w - 8 poisoned darts {throwing}
Armour
 b - a +0 buckler (worn)
Jewellery
 m - a +6 ring of intelligence (left tentacle)
   (You found it on level 1 of the Dungeon)
 o - a +6 ring of intelligence (right tentacle)
   (You found it on level 2 of the Dungeon)
 r - a ring of protection from fire
   (You took it off a gnoll on level 3 of the Dungeon)
Scrolls
 f - 2 scrolls of fog {unknown}
 g - 2 scrolls of teleportation {unknown}
 i - 4 scrolls of identify {unknown}
 j - a scroll of enchant weapon {unknown}
 p - 2 scrolls of magic mapping {unknown}
 q - a scroll of enchant armour {unknown}
 u - a scroll of summoning {unknown}
 x - a scroll of holy word {unknown}
 y - a scroll of vulnerability {unknown}
 A - a scroll of brand weapon {unknown}
Potions
 c - a potion of might
 h - a potion of degeneration {!q@e2}

Dungeon Overview and Level Annotations

Branches:
Dungeon (5/15)
 Temple: D:4-7

Altars:
Ashenzari
Fedhas
Kikubaaqudgha
Qazlal
Sif Muna

Shops:
D:2

(
.###########..#..##..###.#####..#
.# ########..#..##..# #.# ##...
.# #............##..# #.# #....
.# #.######.#.#)##..###.## #....
.# #.#..............)....# #....
.# #.######..#..##..###.####....
.####.# #..#..##..##....##....
...##.# #..##.##..##....##....
.#.##.######..##@##..##....##....
.....................###.####....
<..##.######..............###....
.#.##.######..#..................
.#.##...........###..###.####....
...#########..#.# #..###.........
.#.#########..#.###..............
.................................
.#.#########............#........


There were no monsters in sight!


Message History

😮 HP[-8]
You take 8 damage, and now have 32/50 hp.
You hit the jelly.
Your tentacles burn!
You squeeze the jelly.
You kill the jelly!
You are no longer corroded.
The scorpion stings you!
* * * LOW HITPOINT WARNING * * *
😨 HP[-11]
You take 11 damage, and now have 21/50 hp.
MASSIVE DAMAGE!! (PAUSE)
Okay, then.
You aren't carrying any items that you can evoke.
Casting: Poisonous Vapours (safe; 16% risk of failure)
Confirm with . or Enter, or press ? or * to list all spells.
Aiming: Poisonous Vapours (safe; 16% risk of failure)
Press: ? - help, Dir - move target, f - scorpion
Aim: a scorpion Poisonous vapours surround the scorpion!
The scorpion is poisoned.
The scorpion stings you.
* * * LOW HITPOINT WARNING * * *
😨 HP[-2] MP[-2]
You take 2 damage, and now have 19/50 hp.
You lost 2 mp, and now have 7/9 mp.
Casting: Poisonous Vapours (safe; 16% risk of failure)
Confirm with . or Enter, or press ? or * to list all spells.
Aiming: Poisonous Vapours (safe; 16% risk of failure)
Press: ? - help, Dir - move target, f/p - scorpion
Aim: a scorpion (lightly wounded, poisoned) Poisonous vapours surround the scorpion!
The scorpion looks even sicker.
The scorpion stings you.
* * * LOW HITPOINT WARNING * * *
😨 HP[-2] MP[-2]
You take 2 damage, and now have 17/50 hp.
You lost 2 mp, and now have 5/9 mp.
Casting: Poisonous Vapours (safe; 16% risk of failure)
Confirm with . or Enter, or press ? or * to list all spells.
Aiming: Poisonous Vapours (safe; 16% risk of failure)
Press: ? - help, Dir - move target, f/p - scorpion
Aim: a scorpion (moderately wounded, very poisoned) Poisonous vapours surround the scorpion!
The scorpion looks even sicker.
The scorpion completely misses you. The scorpion stings you!
* * * LOW HITPOINT WARNING * * *
You are lethally poisoned!
The scorpion poisons you! 😱 HP[-8] MP[-2]
You take 8 damage, and now have 9/50 hp.
You lost 2 mp, and now have 3/9 mp.
It was a potion of mutation.
You feel extremely strange.
Your connection to magic feels subdued.
You lose the ability to read scrolls when threatened.
Your connection to magic feels more subdued.
You feel genetically stable.
* * * LOW HITPOINT WARNING * * *
You feel sick.
You kill the scorpion!
Your Spellcasting skill increases to level 2! 😱 HP[-2]
You take 2 damage, and now have 7/50 hp.
You are lethally poisoned (7 -> 0).
You have 4 tentacles available for constriction.
Your movement speed is average.
Your attack delay is about 1.1.
Your base attributes are Str 16, Int 12, Dex 11.
It was a potion of flight.
You feel very buoyant.
You fly up into the air.
* * * LOW HITPOINT WARNING * * *
You feel sick. 😱 HP[-2]
You take 2 damage, and now have 5/50 hp.
Okay, then.
Your magical effects are unravelling.
You feel magically purged.
You float gracefully downwards.
* * * LOW HITPOINT WARNING * * *
You feel sick.
Really quaff
t - a potion of mutation {!q}?
Really quaff the potion of mutation?
You feel extremely strange.
You can once more read scrolls while threatened.
You feel genetically unstable.
Your connection to magic feels less subdued.
You feel stronger.
* * * LOW HITPOINT WARNING * * *
You feel sick. 😱 HP[-1]
You take 1 damage, and now have 4/50 hp.
There is a lethal amount of poison in your body!
* * * LOW HITPOINT WARNING * * *
You feel sick. 😱 HP[-1]
You take 1 damage, and now have 3/50 hp.
* * * LOW HITPOINT WARNING * * *
You feel sick. 😱 HP[-1] MP[+1]
You take 1 damage, and now have 2/50 hp.
* * * LOW HITPOINT WARNING * * *
You feel sick. 😱 HP[-1]
You take 1 damage, and now have 1/50 hp.
You die...

Skill      XL: |  1  2  3  4  5  6  7 |
---------------+----------------------+-----
Fighting       | 4 5 |  5.1
Dodging        | 4 5 |  5.2
Spellcasting   | 1 2 |  2.0
Conjurations   | 1 2 |  2.2
Ice Magic      | 1 2 |  2.2
Air Magic      | 1 2 |  2.4
Polearms       | |  2.0
Shields        | |  3.0

Action                   |  1- 3 |  4- 6 |  7- 9 || total
-------------------------+-------+-------+-------++-------
Melee: Short sword       |    60 |    35 |       ||    95
       Constrict         |    17 |    15 |    18 ||    50
       Trident           |     5 |       |       ||     5
       Tentacles         |    11 |    17 |    11 ||    39
       Punch             |       |     2 |     2 ||     4
       Whip              |       |    21 |    52 ||    73
Throw: Stone             |    67 |    81 |    63 ||   211
 Cast: Poisonous Vapours |       |    12 |     3 ||    15
  Use: Potion            |       |    10 |     5 ||    15
 Stab: Sleeping          |       |     1 |       ||     1
Armor: Skin              |     6 |     6 |     1 ||    13
Dodge: Dodged            |    43 |    63 |    29 ||   135
Block: Buckler           |    17 |    21 |     9 ||    47

Levels and vault maps discovered:
D:1:      dpeg_arrival_round_a, layout_rooms,
          shapermc_ecumenical_altar_mp_vishouse, serial_curves, eino_curves_04,
          eino_curves_01
D:2:      layout_rooms, serial_shops, nicolae_shop_bloodbath_and_beyond,
          basic_altar, hangedman_abyss_or_decor_lesser_grid,
          chequers_serial_rivers_marsh, uniq_sigmund
D:3:      layout_rooms, minitemple
D:4:      layout_basic
D:5:      layout_loops_ring, minmay_misc_feat_alley, hangedman_decor_slide_cut

Notes
Turn   | Place    | Note
-------+----------+-------------------------------------------
     0 | D:1      | spaghetti the Octopode Fighter began the quest for the Orb.
     0 | D:1      | Reached XP level 1. HP: 16/16 MP: 1/1
     0 | D:1      | magus.rc [v1.9.6]
    99 | D:1      | Reached XP level 2. HP: 14/21 MP: 2/2
   117 | D:1      | You pick up a book of Ice and begin reading...
   117 | D:1      | You add the spells Freezing Cloud, Simulacrum and Polar
                  | Vortex to your library.
   218 | D:1      | You pick up a book of Vapours and begin reading...
   218 | D:1      | You add the spells Poisonous Vapours and Corpse Rot to your
                  | library.
   268 | D:1      | Found a faded altar of an unknown god.
   530 | D:1      | Reached XP level 3. HP: 19/26 MP: 3/3
   892 | D:1      | Learned a level 2 spell: Poisonous Vapours
  1194 | D:2      | Found Vakkuan's Weapon Shoppe.
  1419 | D:2      | Reached XP level 4. HP: 33/33 MP: 4/4
  1478 | D:2      | Noticed Sigmund
  1920 | D:2      | Found a shimmering blue altar of Sif Muna.
  1936 | D:2      | Killed Sigmund
  1937 | D:2      | Reached skill level 4 in Fighting
  1937 | D:2      | Reached skill level 4 in Dodging
  1937 | D:2      | Reached skill level 1 in Spellcasting
  1937 | D:2      | Reached skill level 1 in Conjurations
  1937 | D:2      | Reached skill level 1 in Ice Magic
  1937 | D:2      | Reached skill level 1 in Air Magic
  1937 | D:2      | Reached XP level 5. HP: 38/38 MP: 0/6
  1937 | D:2      | Reached XP level 6. HP: 44/44 MP: 0/7
  1943 | D:2      | Learned a level 5 spell: Freezing Cloud
  2437 | D:2      | HP: 6/44 [gnoll/+0 whip (7)]
  2741 | D:3      | Found an ancient bone altar of Kikubaaqudgha.
  2741 | D:3      | Found a stormy altar of Qazlal.
  2743 | D:3      | Found a blossoming altar of Fedhas.
  2747 | D:3      | Found a broken altar of Ashenzari.
  3134 | D:4      | HP: 8/44 [centaur/arrow (9)]
  3143 | D:4      | HP: 10/44 [centaur (2)]
  3145 | D:4      | Reached skill level 2 in Air Magic
  3383 | D:4      | Identified the +7 quarterstaff "Gastol" {protect, Dex+4}
  3459 | D:5      | Entered Level 5 of the Dungeon
  3520 | D:5      | Reached XP level 7. HP: 46/49 MP: 9/9
  3926 | D:4      | Reached skill level 2 in Conjurations
  3926 | D:4      | Reached skill level 2 in Ice Magic
  4309 | D:4      | Reached skill level 5 in Fighting
  4309 | D:4      | Reached skill level 5 in Dodging
  4993 | D:4      | HP: 9/50 [scorpion (8)]
  4994 | D:4      | Gained mutation: Your spells are a little easier to cast,
                  | but a little less powerful. [potion of mutation]
  4994 | D:4      | Gained mutation: You sometimes lose the ability to read
                  | scrolls when taking damage. [potion of mutation]
  4994 | D:4      | Gained mutation: Your spells are easier to cast, but less
                  | powerful. [potion of mutation]
  4994 | D:4      | Gained mutation: You are somewhat resistant to further
                  | mutation. [potion of mutation]
  4995 | D:4      | Reached skill level 2 in Spellcasting
  4997 | D:4      | Lost mutation: You sometimes lose the ability to read
                  | scrolls when taking damage. [potion of mutation]
  4997 | D:4      | Lost mutation: You are somewhat resistant to further
                  | mutation. [potion of mutation]
  4997 | D:4      | Lost mutation: Your spells are easier to cast, but less
                  | powerful. [potion of mutation]
  4997 | D:4      | Gained mutation: Your muscles are strong. (Str +2) [potion
                  | of mutation]
  4997 | D:4      | HP: 4/50 [poisoned by a scorpion]
  5000 | D:4      | HP: 1/50 [poisoned by a scorpion]
  5001 | D:4      | Succumbed to a scorpion's poison

Vanquished Creatures
  Sigmund (D:2)
  A centaur (D:4)
  A scorpion (D:4)
  A hound (D:3)
  A jelly (D:4)
  3 orc priests (D:4)
  An orc wizard (D:4)
  4 gnolls
  4 adders
  A shadow imp (D:4)
  An ufetubus (D:4)
  4 worms
  2 dart slugs (D:1)
  13 orcs
  5 endoplasms
  3 giant cockroaches
  2 goblins (D:2)
  6 hobgoblins
  9 jackals
  3 quokkas
  8 ball pythons
  5 bats
  4 frilled lizards
  8 kobolds
  3 rats (D:1)
94 creatures vanquished.

Table legend:
 A = Non-vault XP
 B = Vault XP
 C = Vault XP percentage of total XP
 D = Non-vault monster count
 E = Vault monster count
 F = Vault count percentage of total count
                 A         B        C        D         E       F
            +---------+---------+-------+---------+---------+-------
      Total |     725 |     231 |  24.2 |      93 |       1 |   1.1
            +---------+---------+-------+---------+---------+-------
        D:1 |      52 |       0 |   0.0 |      30 |       0 |   0.0
        D:2 |      58 |     231 |  79.9 |      14 |       1 |   6.7
        D:3 |     138 |       0 |   0.0 |      15 |       0 |   0.0
        D:4 |     468 |       0 |   0.0 |      30 |       0 |   0.0
        D:5 |       9 |       0 |   0.0 |       4 |       0 |   0.0
            +---------+---------+-------+---------+---------+-------

Illustrated notes

Table legend:
 A = Kills in this place as a percentage of kills in entire the game.
 B = Kills by you in this place as a percentage of kills by you in the entire game.
 C = Kills by friends in this place as a percentage of kills by friends in the entire game.
 D = Other kills in this place as a percentage of other kills in the entire game.
 E = Experience gained in this place as a percentage of experience gained in the entire game.
 F = Experience gained in this place divided by the number of levels of this place that you have seen.
                   A       B       C       D       E      F
               +-------+-------+-------+-------+-------+----------------------
         Total | 100.0 | 100.0 |   N/A |   N/A | 100.0 | 191.2
       Dungeon | 100.0 | 100.0 |   N/A |   N/A | 100.0 | 191.2
               +-------+-------+-------+-------+-------+----------------------

Table legend: (Time is in decaauts)
 A = Elapsed time spent in this place.
 B = Non-inter-level travel time spent in this place.
 C = Inter-level travel time spent in this place.
 D = Time resting spent in this place.
 E = Time spent auto-exploring this place.
 F = Levels seen in this place.
 G = Mean time per level.
                   A        B        C        D        E       F      G
               +--------+--------+--------+--------+--------+-----+--------+
         Total |   5042 |   4905 |    137 |   1237 |   2809 |   5 | 1008.4 |
       Dungeon |   5042 |   4905 |    137 |   1237 |   2809 |   5 | 1008.4 |
               +--------+--------+--------+--------+--------+-----+--------+

Top non-repeatable levels by time:
     D:4: 1564 daAuts
     D:1: 1131 daAuts
     D:3: 961 daAuts
     D:2: 942 daAuts
     D:5: 442 daAuts
